 Dungeon Crawl Stone Soup version 0.19-a0-1861-g35def1e (webtiles) character file.

61 vev the Conjurer (level 4, -17/27 HPs)
             Began as an Octopode Conjurer on Oct 12, 2016.
             Killed from afar by Ijyb (21 damage)
             ... with a wand of acid
             ... on level 2 of the Dungeon.
             The game lasted 00:03:04 (1679 turns).

vev the Conjurer (Octopode Conjurer)                Turns: 1679, Time: 00:03:05

Health: -17/27     AC: -3    Str:  7    XL:     4   Next: 7%
Magic:  3/7        EV: 13    Int: 18    God:
Gold:   104        SH:  0    Dex: 12    Spells: 2 memorised, 4 levels left

rFire  . . .     SeeInvis .     (no weapon)
rCold  . . .     Gourm    .     (no shield)
rNeg   . . .     Faith    .     (helmet restricted)
rPois  .         Spirit   .     (no amulet)
rElec  .         Dismiss  .     (no ring)
rCorr  .         Reflect  .     (no ring)
MR     .....     Harm     .     (no ring)
Stlth  +++.......               (no ring)
                                (no ring)
                                (no ring)
                                (no ring)
                                (no ring)

@: corroded, very slightly contaminated
A: almost no armour, stealthy swim, amphibious, 8 rings, constrict 8, camouflage
1, gelatinous body 1
a: no special abilities


You were on level 2 of the Dungeon.
You were not hungry.

You visited 1 branch of the dungeon, and saw 2 of its levels.

You collected 104 gold pieces.

Inventory:

Jewellery
 e - an uncursed ring of fire {unknown}
Scrolls
 j - a scroll of random uselessness {unknown}
 k - a scroll of teleportation {unknown}
Potions
 d - a potion of cure mutation {unknown}
 f - 2 potions of might {unknown}
 g - 2 potions of curing {unknown}
 h - a potion of brilliance {unknown}
 l - a potion of cancellation {unknown}
 n - a potion of invisibility {unknown}
 o - a potion of berserk rage {unknown}
Books
 a - a book of Conjurations

   Spells                             Type                      Level
   a - Magic Dart                     Conjuration                  1
   b - Searing Ray                    Conjuration                  2
   c - Dazzling Spray                 Conjuration/Hexes            3
   d - Fulminant Prism                Conjuration/Hexes            4
   e - Iskenderun's Mystic Blast      Conjuration                  4
   f - Iskenderun's Battlesphere      Conjuration/Charms           5
Comestibles
 b - 3 bread rations
 c - 2 chunks of flesh
 i - 3 fruits
 m - a beef jerky


   Skills:
 + Level 0.0 Fighting
 - Level 2.0 Dodging
 + Level 3.4 Stealth
 + Level 2.5 Spellcasting
 * Level 5.0 Conjurations


You had 4 spell levels left.
You knew the following spells:

 Your Spells              Type           Power        Failure   Level  Hunger
a - Magic Dart            Conj           ###.         1%          1    #......
e - Dazzling Spray        Conj/Hex       ##....       21%         3    ###....


Dungeon Overview and Level Annotations

Branches:
Dungeon (2/15)

Altars:

Annotations:
D:2 Ijyb


Innate Abilities, Weirdness & Mutations

You cannot wear most types of armour.
You are very stealthy in the water. (Stealth+)
You are amphibious.
You can wear up to eight rings at the same time.
You can use your tentacles to constrict eight enemies at once.
Your skin changes colour to match your surroundings (Stealth+).
Your rubbery body absorbs attacks. (AC +1, EV +1)


Message History

Confirm with . or Enter, or press ? or * to list all spells.
Aiming: Magic Dart
Press: ? - help, Shift-Dir - straight line, f/p - Ijyb
Aim: Ijyb, wielding a dagger (moderately wounded)
The magic dart hits Ijyb.
Ijyb is moderately wounded.
Ijyb zaps a wand.
The bolt of acid hits you! The acid corrodes you!
You are splashed with acid!
The acid burns!
* * * LOW HITPOINT WARNING * * *
It is a wand of acid.
Casting: Magic Dart
Confirm with . or Enter, or press ? or * to list all spells.
Aiming: Magic Dart
Press: ? - help, Shift-Dir - straight line, f/p - Ijyb
Aim: Ijyb, wielding a dagger and carrying a wand of acid {zapped: 1} (moderately wounded)
You miscast Magic Dart.
You are very lightly contaminated with residual magic.
Your skin tingles.
Ijyb zaps a wand.
The bolt of acid hits you!
Ouch! That really hurt!
You die...

##.#########..
(......<.#.# #.# ###
############ ##.# #..#
#.## ..# .## #### .#
###$...## .#
############@....gr.
.####...................
......###########.......
####### ....... .......
#######


You could see Ijyb and a rat.

Vanquished Creatures
  Robin (D:1)
  An adder (D:2)
  An ooze (D:1)
  A dart slug (D:1)
  2 bats (D:1)
  2 giant cockroaches
  8 goblins (D:1)
  3 hobgoblins
  2 jackals (D:1)
  3 quokkas (D:2)
  2 ball pythons
  A frilled lizard (D:2)
  4 kobolds
  A rat (D:2)
32 creatures vanquished.

Notes
Turn   | Place    | Note
-------+----------+-------------------------------------------
     0 | D:1      | vev the Octopode Conjurer began the quest for the Orb.
     0 | D:1      | Reached XP level 1. HP: 11/11 MP: 3/3
    68 | D:1      | Reached XP level 2. HP: 17/17 MP: 0/5
   433 | D:1      | Reached skill level 3 in Stealth
   616 | D:2      | Noticed Robin
   625 | D:1      | Killed Robin
   625 | D:1      | Reached XP level 3. HP: 12/21 MP: 0/6
  1504 | D:2      | Reached XP level 4. HP: 27/27 MP: 1/7
  1608 | D:2      | Learned a level 3 spell: Dazzling Spray
  1611 | D:2      | Reached skill level 5 in Conjurations
  1675 | D:2      | Noticed Ijyb
  1679 | D:2      | Killed from afar by Ijyb

Vault maps used:
D:1:      saegor_arrival_simple_c
D:2:      marbit_many_paths, first_bread, uniq_crazy_yiuf_cottage, uniq_robin,
          uniq_iyjb

Skill      XL: |  1  2  3  4 |
---------------+-------------+-----
Stealth        | 3 |  3.4
Conjurations   | 5 |  5.0
Dodging        | |  2.0
Spellcasting   | |  2.5

Action                   |  1- 3 |  4- 6 || total
-------------------------+-------+-------++-------
Melee: Unarmed           |    27 |       ||    27
       Tentacles         |     3 |       ||     3
       Constrict         |     6 |       ||     6
 Cast: Magic Dart        |    49 |     9 ||    58
  Eat: Chunk             |     2 |     1 ||     3
Armor: Skin              |     1 |       ||     1
Dodge: Dodged            |    47 |       ||    47
